 Dungeon Crawl Stone Soup version 0.32-a0-131-g9dbbe29261 (webtiles) character file.

Game seed: 16322997580752764898

1962 hikkokomori the Ruffian (level 9, -3/74 (79) HPs)
             Began as a Troll Fighter on Feb 8, 2024.
             Was a Follower of Hepliaklqana.
             Slain by a wight
             ... wielding a +0 great sword
              (14 damage)
             ... on level 6 of the Dungeon.
             The game lasted 00:07:57 (4081 turns).

hikkokomori the Ruffian (Troll Fighter)             Turns: 4081, Time: 00:07:57

HP:   -3/74 (79)    AC:  5    Str: 26    XL:     9   Next: 0%
MP:   8/8           EV:  9    Int: 10    God:    Hepliaklqana [*.....]
Gold: 231           SH: 14    Dex: 13    Spells: 8/8 levels left

rFire   + .          .
                       - Unarmed
rCold   + . .        b - +0 kite shield
rNeg    . . .        y - +1 robe {rC+ rF+}
rPois   .            (helmet restricted)
rElec   .            (no cloak)
rCorr   .            (gloves unavailable)
SInv    .            (boots unavailable)
Will    +....        q - amulet of reflection
Stlth   ++           k - ring of willpower
HPRegen 1.12/turn    m - +6 ring of intelligence
MPRegen 0.11/turn

%: reflection
@: drained
A: reduced essence, large, unfitting armour, claws 3, regeneration 1, shaggy fur
1, tough skin 1
a: Renounce Religion, Recall Ancestor, Ancestor Identity


You were on level 6 of the Dungeon.
You worshipped Hepliaklqana.
Hepliaklqana was aware of your devotion.
You visited 2 branches of the dungeon, and saw 7 of its levels.

You collected 231 gold pieces.

Inventory:

Missiles
 t - 4 boomerangs
 B - 6 javelins
Armour
 a - a +0 robe
 b - a +0 kite shield (worn)
 y - a +1 robe of resistance (worn)
Jewellery
 k - a ring of willpower (left claw)
 m - a +6 ring of intelligence (right claw)
 q - an amulet of reflection (around neck)
 A - a ring of positive energy
Wands
 i - a wand of charming (3)
 v - a wand of flame (23) (quivered)
Scrolls
 d - a scroll of poison
 e - a scroll of enchant armour {unknown}
 f - a scroll of butterflies {unknown}
 g - a scroll of revelation {unknown}
 h - a scroll of blinking
 w - a scroll of noise
 x - a scroll of amnesia {unknown}
 C - a scroll of teleportation {unknown}
Potions
 c - 3 potions of might
 n - a potion of mutation
 o - a potion of degeneration
 p - a potion of attraction {unknown}
 s - a potion of berserk rage {unknown}
 u - a potion of brilliance
 z - a potion of haste


   Skills:
 - Level 5.0 Fighting
 + Level 4.0 Throwing
 - Level 2.4 Dodging
 - Level 2.0 Stealth
 + Level 5.0 Shields
 - Level 6.0 Unarmed Combat
 + Level 3.2 Evocations


You had 8 spell levels left.
You didn't know any spells.
Your spell library contained the following spells:

 Spells                   Type           Power      Damage    Failure   Level
 Volatile Blastmotes      Fire/Tloc      0%         2d10      91%         3
 Fulminant Prism          Conj/Alch      0%         3d5       100%        4
 Iskenderun's Mystic Bla  Conj/Tloc      0%         2d3       100%        4


Dungeon Overview and Level Annotations

Branches:
Dungeon (6/15)             Temple (1/1) D:4

Altars:
Dithmenos
Fedhas
Hepliaklqana
Kikubaaqudgha
Qazlal
Uskayaw
Wu Jian
Xom
Zin
The Shining One

Shops:
D:5 :

Portals:
Abyss: D:3

Annotations:
D:3 2 transporters, EnigmaSakura's ghost, amateur GnRe


Innate Abilities, Weirdness & Mutations

Your life essence is reduced to manifest your ancestor. (-10% HP)
You are too large for most types of armour.
You have claws for hands.
Your natural rate of healing is unusually fast.
You are covered in fur. (AC +1)
You have tough skin. (AC +1)


Message History

The wight hits you with a +4 scimitar!!
You closely miss the wight.
The wight is heavily damaged.
You block the wight's attack.
You scratch the wight.
The wight is severely damaged.
The wight closely misses you.
You scratch the wight.
The wight is severely damaged.
The wight hits you with a +4 scimitar!
* * * LOW HITPOINT WARNING * * *
You feel drained.
* * * LOW HITPOINT WARNING * * *
You claw the wight!
You destroy the wight!
Your Throwing skill increases to level 4!
Your Shields skill increases to level 5!
You have reached level 9!
Your experience leads to an increase in your attributes!
Your base attributes are Str 25, Int 4, Dex 11.
Increase (S)trength, (I)ntelligence, or (D)exterity?
You feel agile. x2; You feel stronger.
You scratch the wight but do no damage. You block the wight's attack.
You scratch the wight.
The wight is heavily damaged.
The wight closely misses you.
You scratch the wight.
The wight is severely damaged.
You block the wight's attack.
You scratch the wight but do no damage.
The wight is severely damaged.
The wight hits you with a +0 great sword!
* * * LOW HITPOINT WARNING * * *
You feel drained.
* * * LOW HITPOINT WARNING * * *
You scratch the wight.
The wight is almost destroyed.
The wight hits you with a +0 great sword!
You die...
Hepliaklqana delivers you to your ancestors.

#.. #.#
#.####.#
#.#<...#
#.#.#### #.#.#
#.#.#
####.####)#.##
.......@z..†.#
.....#####.#.#
### ..#...
.#####.# .. .#
#. # #. #


You could see a wight.

Vanquished Creatures
  Pikel (D:5)
  Sigmund (D:5)
  A water moccasin (D:6)
  2 ogres
  A centaur (D:5)
  2 lemures (D:5)
  A scorpion (D:5)
  7 wights
  A howler monkey (D:4)
  A bombardier beetle (D:5)
  5 hounds
  Ijyb (D:3)
  A sleepcap (D:5)
  An iguana (D:5)
  An orc wizard (D:5)
  3 gnolls (D:5)
  8 adders
  4 shadow imps (D:4)
  3 white imps
  2 ribbon worms
  2 orcs (D:5)
  6 ball pythons
  6 bats
  5 endoplasms
  4 giant cockroaches
  6 goblins
  4 hobgoblins
  3 jackals (D:3)
  4 kobolds
  2 quokkas (D:1)
  2 frilled lizards (D:2)
  4 rats
  A spectral hobgoblin (D:2)
96 creatures vanquished.

Vanquished Creatures (collateral kills)
  An orc wizard (D:5)
  An adder (D:5)
2 creatures vanquished.

Vanquished Creatures (others)
  An ancestor (D:6)
1 creature vanquished.

Grand Total: 99 creatures vanquished

Notes
Turn   | Place    | Note
-------+----------+-------------------------------------------
     0 | D:1      | hikkokomori the Troll Fighter began the quest for the Orb.
     0 | D:1      | Reached XP level 1. HP: 22/22 MP: 0/0
    87 | D:1      | Reached XP level 2. HP: 27/29 MP: 1/1
   808 | D:2      | Reached XP level 3. HP: 37/37 MP: 2/2
  1014 | D:2      | Reached skill level 3 in Unarmed Combat
  1216 | D:2      | Reached XP level 4. HP: 45/45 MP: 3/3
  1264 | D:2      | Found a faded altar of an unknown god.
  1539 | D:3      | Noticed a toenail golem
  1544 | D:3      | Found a transporter.
  1634 | D:3      | Found a transporter.
  1638 | D:3      | Found a one-way gate to the infinite horrors of the Abyss.
  1638 | D:3      | Noticed EnigmaSakura's ghost (amateur GnRe)
  1638 | D:3      | Noticed a small abomination
  1820 | D:3      | Noticed Ijyb
  1836 | D:3      | Killed Ijyb
  2023 | D:4      | Reached skill level 4 in Unarmed Combat
  2023 | D:4      | Reached XP level 5. HP: 54/54 MP: 4/4
  2267 | D:4      | Found a staircase to the Ecumenical Temple.
  2267 | D:4      | Noticed an ogre
  2275 | D:4      | Killed an ogre
  2276 | D:4      | Reached XP level 6. HP: 32/63 MP: 5/5
  2298 | Temple   | Entered the Ecumenical Temple
  2313 | Temple   | Became a worshipper of Hepliaklqana the Forgotten
  2671 | D:4      | Reached skill level 5 in Unarmed Combat
  2731 | D:4      | Reached skill level 5 in Fighting
  2731 | D:4      | Reached XP level 7. HP: 59/72 MP: 6/6
  3208 | D:5      | Entered Level 5 of the Dungeon
  3262 | D:5      | Reached skill level 1 in Stealth
  3262 | D:5      | Reached skill level 6 in Unarmed Combat
  3342 | D:5      | Found Mueting's Tremendous Tomes.
  3460 | D:5      | Reached * piety under Hepliaklqana
  3498 | D:5      | Noticed Sigmund
  3501 | D:5      | Killed Sigmund
  3502 | D:5      | Reached skill level 1 in Throwing
  3502 | D:5      | Reached skill level 1 in Evocations
  3502 | D:5      | Reached XP level 8. HP: 72/72 MP: 7/7
  3827 | D:5      | Noticed Pikel
  3849 | D:5      | Killed Pikel
  4077 | D:6      | Reached skill level 5 in Shields
  4077 | D:6      | Reached XP level 9. HP: 18/76 MP: 8/8
  4081 | D:6      | Slain by a wight

Illustrated notes

Levels and vault maps discovered:
D:1:      amcnicky_arrival_feature_with_door, layout_basic, minivault_5
D:2:      layout_basic, dreamdust_ecumenical_altar_drowned_temple,
          hangedman_abyss_or_decor_lesser_grid
D:3:      layout_basic, gammafunk_ghost_abyssal_escape, uniq_ijyb
D:4:      layout_basic, minmay_temple_entry_overgrown, serial_demonic,
          serial_demonic_a, serial_demonic_c, serial_demonic_e,
          serial_demonic_f, minmay_crossroads
D:5:      layout_basic, chequers_avenue, nicolae_shop_i_like_big_books,
          uniq_sigmund, uniq_pikel
D:6:      layout_loops_ring, corexii_leaking_fountain, serial_bayou_pond_c,
          chequers_jeans, amcnicky_mini_rare_corridor_liquid,
          kennysheep_generic_room_9, uniq_jeremiah
Temple:   nicolae_temple_ecumenical_triangle

Skill      XL: |  1  2  3  4  5  6  7  8 |
---------------+-------------------------+-----
Fighting       | 3 4 5 |  5.0
Unarmed Combat | 3 4 5 6 |  6.0
Stealth        | 2 |  2.0
Throwing       | 1 4 |  4.0
Shields        | 3 5 |  5.0
Evocations     | 1 3 |  3.2
Dodging        | |  2.4

Action                     |  1- 3 |  4- 6 |  7- 9 || total
---------------------------+-------+-------+-------++-------
  Melee: Unarmed           |    90 |   129 |    97 ||   316
  Throw: Boomerang         |       |     2 |     5 ||     7
         Javelin           |       |       |     6 ||     6
 Invoke: Ancestor Identity |       |       |     1 ||     1
  Evoke: Wand              |       |       |     4 ||     4
    Use: Scroll            |       |       |     9 ||     9
         Potion            |       |       |     1 ||     1
   Stab: Sleeping          |       |       |     2 ||     2
 Armour: Robe              |    29 |    54 |    45 ||   128
  Dodge: Dodged            |    32 |    33 |    17 ||    82
  Block: Kite shield       |    37 |    84 |    62 ||   183
         Reflection        |       |     1 |     3 ||     4

Table legend: (Time is in decaauts)
 A = Elapsed time spent in this place.
 B = Non-inter-level travel time spent in this place.
 C = Inter-level travel time spent in this place.
 D = Time resting spent in this place.
 E = Time spent auto-exploring this place.
 F = Levels seen in this place.
 G = Mean time per level.
                   A        B        C        D        E       F      G
               +--------+--------+--------+--------+--------+-----+--------+
         Total |   4096 |   3880 |    216 |     43 |   3062 |   7 |  585.1 |
       Dungeon |   4071 |   3864 |    207 |     43 |   3056 |   6 |  678.5 |
        Temple |     24 |     15 |      9 |      0 |      6 |   1 |   24.0 |
               +--------+--------+--------+--------+--------+-----+--------+

Top non-repeatable levels by time:
     D:4: 1180 daAuts
     D:1: 787 daAuts
     D:5: 773 daAuts
     D:2: 657 daAuts
     D:3: 568 daAuts
     D:6: 104 daAuts
  Temple: 24 daAuts
